 Dungeon Crawl Stone Soup version 0.30-a0-772-g5528072125 (webtiles) character file.

Game seed: 12373919841701509015

492 Crownlay the Digger (level 7, -7/36 HPs)
             Began as a Gargoyle Earth Elementalist on Feb 12, 2023.
             Shot with an arrow by a centaur (11 damage)
             ... on level 4 of the Dungeon.
             The game lasted 00:03:49 (3420 turns).

Crownlay the Digger (Gargoyle Earth Elementalist)   Turns: 3420, Time: 00:03:50

Health: -7/36      AC:  7    Str: 12    XL:     7   Next: 14%
Magic:  12/15      EV: 11    Int: 17    God:
Gold:   237        SH:  0    Dex: 10    Spells: 13/17 levels left

rFire   . . .      SeeInvis .    c - +0 long sword
rCold   . . .      Faith    .    (no shield)
rNeg    + . .      Spirit   .    a - +0 robe
rPois   ∞          Reflect  .    (no helmet)
rElec   +          Harm     .    (no cloak)
rCorr   .          Rampage  .    m - +0 pair of gloves
Will    .....                    (no boots)
Stlth   ++                       (no amulet)
HPRegen 0.26/turn                (no ring)
MPRegen 0.14/turn                (no ring)

@: no status effects
A: sickness immunity, AC +4, negative energy resistance 1, electricity
resistance, torment resistance 1, petrification resistance
a: no special abilities


You were on level 4 of the Dungeon.
You visited 1 branch of the dungeon, and saw 4 of its levels.

You collected 237 gold pieces.

Inventory:

Hand Weapons
 c - a +0 long sword (weapon)
Armour
 a - a +0 robe (worn)
 m - a +0 pair of gloves (worn)
Scrolls
 d - a scroll of torment {unknown}
 e - a scroll of poison {unknown}
 f - a scroll of noise {unknown}
 h - 2 scrolls of fear
 j - a scroll of magic mapping {unknown}
 l - a scroll of fog {unknown}
 q - 2 scrolls of identify {unknown}
 r - a scroll of butterflies {unknown}
 s - a scroll of vulnerability {unknown}
 u - a scroll of blinking {unknown}
Potions
 b - a potion of magic
 g - a potion of ambrosia {unknown}
 i - 2 potions of cancellation {unknown}
 k - a potion of lignification {unknown}
 n - 2 potions of curing {unknown}
 o - a potion of brilliance {unknown}
 p - a potion of mutation {unknown}
 t - 2 potions of haste {unknown}


   Skills:
 - Level 1.5 Dodging
 - Level 2.1 Stealth
 * Level 5.5 Spellcasting
 + Level 1.2 Necromancy
 - Level 0.7 Transmutations
 + Level 6.0 Earth Magic


You had 13 spell levels left.
You knew the following spells:

 Your Spells              Type           Power      Damage    Failure   Level
a - Sandblast             Erth           50%        2d12      1%          1
b - Stone Arrow           Conj/Erth      30%        3d8       12%         3

Your spell library contained the following spells:

 Spells                   Type           Power      Damage    Failure   Level
 Passwall                 Tmut/Erth      13%        N/A       4%          2
 Blink                    Tloc           8%         N/A       21%         2
 Poisonous Vapours        Pois/Air       8%         N/A       21%         2
 Scorch                   Fire           8%         2d5       21%         2
 Petrify                  Tmut/Erth      16%        N/A       32%         4
 Mephitic Cloud           Conj/Pois/Air  4%         N/A       38%         3
 Animate Dead             Necr           9%         N/A       63%         4
 Borgnjor's Vile Clutch   Necr/Erth      8%         N/A       63%         5
 Flame Wave               Conj/Fire      4%         2d5       80%         4
 Manifold Assault         Tloc           4%         N/A       80%         4
 Olgreb's Toxic Radiance  Pois           4%         N/A       80%         4
 Death Channel            Necr           4%         N/A       100%        6
 Summon Cactus Giant      Summ           2%         N/A       100%        6
 Ozocubu's Refrigeration  Ice            2%         4d7       100%        7
 Storm Form               Tmut/Air       2%         N/A       100%        7
 Ignition                 Fire           2%         3d3       100%        8
 Cigotuvi's Dreadful Rot  Necr/Pois/Air  Unusable   N/A       N/A         2

Dungeon Overview and Level Annotations

Branches:
Dungeon (4/15)
 Temple: D:4-7

Altars:


Innate Abilities, Weirdness & Mutations

You are immune to sickness and miasma.
Your stone body is resilient. (AC +4)
You are immune to poison.
You resist negative energy. (rN+)
You are resistant to electric shocks. (rElec)
You are resistant to unholy torment.
You are immune to petrification.


Message History

a +0 flail; an orc corpse
There is a stone staircase leading down here.
You pick up the Unrestrained Analects and begin reading...
You add the spells Olgreb's Toxic Radiance, Ozocubu's Refrigeration and Ignition to your library.
An orc and a centaur come into view.
Found a cloak.
The blast of sand hits the centaur!
The centaur is heavily wounded.
The centaur shouts!
The orc shouts!
The centaur wields a +0 shortbow.
The centaur shoots an arrow.
The arrow hits you!
The centaur shoots an arrow.
The arrow hits you!
You are too injured to fight recklessly!
You are too injured to fight recklessly!
You are too injured to fight recklessly!
You are too injured to fight recklessly!
You are too injured to fight recklessly!
Casting: Sandblast (safe; 1% risk of failure)
Confirm with . or Enter, or press ? or * to list all spells.
Aiming: Sandblast (safe; 1% risk of failure)
Press: ? - help, Shift-Dir - straight line, f/p - centaur
Aim: a centaur, wielding a +0 shortbow (heavily wounded, 90% to hit)
The blast of sand hits the centaur.
The centaur is severely wounded.
The centaur shoots an arrow.
The arrow hits you!
* * * LOW HITPOINT WARNING * * *
The orc misses you.
The centaur shoots an arrow.
The arrow hits you.
* * * LOW HITPOINT WARNING * * *
The orc attacks as you move away! The orc hits you but does no damage.
The centaur shoots an arrow.
The arrow hits you.
* * * LOW HITPOINT WARNING * * *
Casting: Sandblast (safe; 1% risk of failure)
Confirm with . or Enter, or press ? or * to list all spells.
Aiming: Sandblast (safe; 1% risk of failure)
Press: ? - help, Shift-Dir - straight line, f/p - centaur
Aim: a centaur, wielding a +0 shortbow (severely wounded, 90% to hit)
The blast of sand hits the orc!
You kill the orc!
The centaur shoots an arrow.
The arrow misses you.
The centaur shoots an arrow.
The arrow hits you!
You die...

#.#....)...#
# ####
#.#...÷..#.#
#######..#.#
.........#.#
...........#
...........#
########.#.#
.........#.#
.#######@#.#
#)# # #...#
#c..# #..#.#
....#.#
...#...#
##..# .## ..
.


You could see a centaur.

Vanquished Creatures
  Sigmund (D:2)
  2 orc priests (D:4)
  5 orc wizards
  4 gnolls (D:2)
  3 adders (D:3)
  3 worms
  3 dart slugs
  8 orcs (D:4)
  5 endoplasms
  2 giant cockroaches
  5 goblins
  3 hobgoblins
  7 jackals
  3 quokkas (D:3)
  5 ball pythons
  6 bats
  7 frilled lizards
  6 kobolds
  6 rats
84 creatures vanquished.

Vanquished Creatures (others)
  2 plants (D:2)
2 creatures vanquished.

Grand Total: 86 creatures vanquished

Notes
Turn   | Place    | Note
-------+----------+-------------------------------------------
     0 | D:1      | Crownlay the Gargoyle Earth Elementalist began the quest
                  | for the Orb.
     0 | D:1      | Reached XP level 1. HP: 10/10 MP: 3/3
   233 | D:1      | Reached XP level 2. HP: 15/15 MP: 3/5
   435 | D:1      | Reached skill level 4 in Earth Magic
   535 | D:1      | Found a faded altar of an unknown god.
   688 | D:1      | Reached XP level 3. HP: 19/19 MP: 5/7
  1361 | D:2      | Reached XP level 4. HP: 24/24 MP: 3/9
  1625 | D:2      | Noticed Sigmund
  1699 | D:2      | Killed Sigmund
  1700 | D:2      | Reached skill level 5 in Earth Magic
  1700 | D:2      | Reached XP level 5. HP: 15/28 MP: 6/12
  1700 | D:2      | Reached XP level 6. HP: 18/32 MP: 6/13
  2894 | D:3      | Learned a level 3 spell: Stone Arrow
  2929 | D:3      | Reached skill level 5 in Spellcasting
  3202 | D:4      | Reached skill level 1 in Necromancy
  3202 | D:4      | Reached XP level 7. HP: 4/36 MP: 10/15
  3203 | D:4      | HP: 1/36 [orc/+0 flail (4)]
  3329 | D:4      | Reached skill level 6 in Earth Magic
  3420 | D:4      | Shot with an arrow by a centaur

Illustrated notes

Levels and vault maps discovered:
D:1:      wheals_arrival_linesprint, layout_basic,
          dreamdust_ecumenical_altar_sealed_demon, minmay_misc_feat_tower,
          minmay_crystal_room
D:2:      layout_loops_ring, st_stairs_6, nicolae_grassy_gnolls, uniq_sigmund
D:3:      layout_basic, minmay_cupped
D:4:      layout_basic, serial_shops, nicolae_shop_statue_plus

Skill      XL: |  1  2  3  4  5  6  7 |
---------------+----------------------+-----
Earth Magic    | 4 5 6 |  6.0
Spellcasting   | 3 4 5 |  5.5
Necromancy     | 1 |  1.2
Dodging        | |  1.5
Stealth        | |  2.1
Transmutations | |  0.7

Action                     |  1- 3 |  4- 6 |  7- 9 || total
---------------------------+-------+-------+-------++-------
  Melee: Long sword        |     2 |     9 |       ||    11
   Cast: Sandblast         |    42 |    70 |    13 ||   125
    Use: Scroll            |       |     1 |       ||     1
 Armour: Robe              |     7 |    13 |     2 ||    22
  Dodge: Dodged            |    15 |    27 |     4 ||    46

Table legend: (Time is in decaauts)
 A = Elapsed time spent in this place.
 B = Non-inter-level travel time spent in this place.
 C = Inter-level travel time spent in this place.
 D = Time resting spent in this place.
 E = Time spent auto-exploring this place.
 F = Levels seen in this place.
 G = Mean time per level.
                   A        B        C        D        E       F      G
               +--------+--------+--------+--------+--------+-----+--------+
         Total |   3486 |   3312 |    174 |      0 |   2812 |   4 |  871.5 |
       Dungeon |   3486 |   3312 |    174 |      0 |   2812 |   4 |  871.5 |
               +--------+--------+--------+--------+--------+-----+--------+

Top non-repeatable levels by time:
     D:1: 1065 daAuts
     D:2: 1042 daAuts
     D:3: 949 daAuts
     D:4: 429 daAuts
